 Dungeon Crawl Stone Soup version 0.28.0 (webtiles) character file.

Game seed: 7763291801244466618

79002 GrayStillPlays the Reanimator (level 15, -17/115 HPs)
             Began as a Demonspawn Fighter on Feb 11, 2022.
             Was an Initiate of Gozag.
             Demolished by Rupert (23 damage)
             ... on level 1 of the Orcish Mines.
             The game lasted 01:46:19 (36881 turns).

GrayStillPlays the Reanimator (Demonspawn Fighter) Turns: 36881, Time: 01:46:19

Health: -17/115    AC: 23    Str: 23    XL:     15   Next: 19%
Magic:  27/27      EV: 15    Int: 15    God:    Gozag
Gold:   1564       SH:  0    Dex: 18    Spells: 20/30 levels left

rFire   + . .      SeeInvis +   M - +8 triple sword "Jellyslayer" {flame, Fly rElec Dex+4, longrare=g}
rCold   + + .      Faith    .   (shield currently unavailable)
rNeg    . . .      Spirit   .   t - +2 ring mail {rPois}
rPois   +          Reflect  .   I - +2 helmet
rElec   +          Harm     .   Y - scarf {rC+ rF+}
rCorr   .          Rampage  .   B - +2 pair of gloves {Stlth+}
Will    +....                   T - +2 pair of boots
Stlth   ++........              Q - amulet of magic regeneration {@e2}
HPRegen 0.29/turn               r - +6 ring of strength
MPRegen 0.60/turn               v - ring of see invisible

@: on berserk cooldown, flying, slowed, very slow
A: claws 2, icy blue scales 3, spiny 2, demonic magic 2
a: Renounce Religion, Potion Petition, Call Merchant, Bribe Branch


You were on level 1 of the Orcish Mines.
You worshipped Gozag.
Gozag was most pleased with you.
You visited 4 branches of the dungeon, and saw 22 of its levels.

You collected 5342 gold pieces.
You spent 1031 gold pieces at shops.
You paid 2747 gold pieces to Gozag.


Innate Abilities, Weirdness & Mutations

You have very sharp fingernails.
You are completely covered in icy blue scales. (AC +4, rC+)
You are mostly covered in sharp spines.
Spells you cast may paralyse nearby enemies.


   Skills:
 - Level 10.0 Fighting
 - Level 2.4 Axes
 - Level 9.0 Armour
 - Level 7.4 Dodging
 - Level 4.0 Shields
 - Level 8.2 Spellcasting
 - Level 10.6 Necromancy
 + Level 8.9 Transmutations
 + Level 8.4 Earth Magic
 + Level 9.7 Poison Magic
 - Level 9.0 Evocations


You had 20 spell levels left.
You knew the following spells:

 Your Spells              Type           Power      Damage    Failure   Level
a - Animate Dead          Necr           19%        N/A       2%          4
b - Eringya's Noxious Bo  Tmut/Pois      17%        N/A       50%         6

Your spell library contained the following spells:

 Spells                   Type           Power      Damage    Failure   Level
 Sting                    Tmut/Pois      100%       1d8       1%          1
 Corpse Rot               Necr/Air       44%        N/A       3%          2
 Poisonous Vapours        Pois/Air       40%        N/A       3%          2
 Olgreb's Toxic Radiance  Pois           35%        N/A       3%          4
 Stone Arrow              Conj/Erth      36%        3d9       9%          3
 Alistair's Intoxication  Tmut/Pois      22%        N/A       11%         5
 Blade Hands              Tmut           16%        N/A       12%         5
 Lee's Rapid Deconstruct  Erth           15%        3d11*     14%         5
 Apportation              Tloc           12%        N/A       17%         1
 Ice Form                 Ice/Tmut       19%        N/A       26%         4
 Animate Armour           Summ/Erth      36%        N/A       30%         4
 Leda's Liquefaction      Hex/Erth       9%         N/A       30%         4
 Ozocubu's Armour         Ice            6%         N/A       45%         3
 Summon Guardian Golem    Hex/Summ       6%         N/A       45%         3
 Statue Form              Tmut/Erth      21%        N/A       58%         6
 Fulminant Prism          Conj/Hex       3%         3d6       86%         4
 Hailstorm                Conj/Ice       6%         3d4       86%         4
 Iskenderun's Mystic Bla  Conj/Tloc      6%         2d4       86%         4
 Simulacrum               Ice/Necr       11%        N/A       96%         6
 Manifold Assault         Tloc           6%         N/A       99%         5
 Summon Forest            Summ/Tloc      3%         N/A       99%         5
 Iron Shot                Conj/Erth      9%         9d3       99%         6
 Conjure Ball Lightning   Conj/Air       3%         3x3d6     100%        6
 Haunt                    Necr/Summ      11%        N/A       100%        7
 Malign Gateway           Summ/Tloc      3%         N/A       100%        7
 Orb of Destruction       Conj           3%         9d5       100%        7
 Ozocubu's Refrigeration  Ice            3%         4d5       100%        7
 Spellforged Servitor     Conj/Summ      3%         N/A       100%        7
 Summon Hydra             Summ           3%         N/A       100%        7
 Borgnjor's Revivificati  Necr           19%        N/A       100%        8
 Discord                  Hex            3%         N/A       100%        8
 Disjunction              Tloc           3%         N/A       100%        8
 Infestation              Necr           19%        N/A       100%        8
 Lehudib's Crystal Spear  Conj/Erth      9%         10d4      100%        8
 Necromutation            Tmut/Necr      17%        N/A       100%        8
 Death's Door             Necr           19%        N/A       100%        9

Inventory:

Hand Weapons
 g - a +2 double sword of freezing {longrare=g}
   (You found it on level 6 of the Lair of Beasts)
 p - the +7 short sword of Fortitude {vorpal, rC- Will+ rCorr Stlth+, short}
   (You found it on level 5 of the Lair of Beasts)

   It inflicts extra damage upon your enemies.
   rC:        It makes you vulnerable to cold.
   rCorr:     It protects you from acid and corrosion.
   Will:      It increases your willpower.
   Stlth:     It makes you more stealthy.
 J - the +10 quarterstaff of Focus {protect, rF- rC++ Will+ Int+3, staff}
   (You found it on level 6 of the Dungeon)

   It grants its wielder temporary protection when it strikes (+7 to AC).
   Int:       It affects your intelligence (+3).
   rF:        It makes you vulnerable to fire.
   rC:        It greatly protects you from cold.
   Will:      It increases your willpower.
 M - the +8 triple sword "Jellyslayer" (weapon) {flame, Fly rElec Dex+4, longrare=g}
   (You found it on level 6 of the Lair of Beasts)

   It burns those it strikes, dealing additional fire damage.
   Big, fiery blades are also staple armaments of hydra-hunters.
   Dex:       It affects your dexterity (+4).
   rElec:     It insulates you from electricity.
   Fly:       It grants you flight.
Missiles
 A - 29 poisoned darts {throwing}
 U - 4 curare-tipped darts (quivered) {=fthrowing}
Armour
 c - a +0 buckler
 t - a +2 ring mail of poison resistance (worn)
   (You found it on level 2 of the Dungeon)
 w - a +2 cloak
   (You found it on level 3 of the Dungeon)
 B - a +2 pair of gloves of stealth (worn)
   (You bought it in a shop on level 5 of the Lair of Beasts)
 I - a +2 helmet (worn)
   (You found it on level 6 of the Dungeon)
 T - a +2 pair of boots (worn)
   (You found it on level 4 of the Lair of Beasts)
 Y - a scarf of resistance (worn)
   (You found it on level 11 of the Dungeon)
Jewellery
 n - a ring of willpower
   (You found it on level 2 of the Dungeon)
 r - a +6 ring of strength (left hand)
   (You found it on level 2 of the Dungeon)
 v - a ring of see invisible (right hand)
   (You found it on level 3 of the Dungeon)
 D - a +4 ring of protection
   (You took it off a centaur on level 13 of the Dungeon)
 Q - an amulet of magic regeneration (around neck) {@e2}
   (You found it on level 6 of the Lair of Beasts)
 R - a ring of resist corrosion
   (You found it on level 10 of the Dungeon)
Wands
 m - a wand of iceblast (10)
   (You found it on level 6 of the Lair of Beasts)
 O - a wand of paralysis (17)
   (You found it on level 8 of the Dungeon)
 V - a wand of acid (8)
   (You took it off Sonja on level 3 of the Lair of Beasts)
 W - a wand of charming (1)
   (You found it on level 3 of the Lair of Beasts)
 Z - a wand of polymorph (11)
   (You found it on level 3 of the Lair of Beasts)
Scrolls
 b - 2 scrolls of enchant weapon
 f - 6 scrolls of teleportation {@r4}
 h - a scroll of summoning
 j - 3 scrolls of immolation {!r!r}
 k - 4 scrolls of magic mapping {!r}
 l - a scroll of silence {!r}
 x - 2 scrolls of fog
 y - 2 scrolls of vulnerability {!r!r}
 N - 3 scrolls of torment {!r}
 S - 4 scrolls of amnesia
Potions
 d - 2 potions of might
 e - 3 potions of heal wounds {@q2}
 o - a potion of ambrosia
 u - 5 potions of flight
 z - a potion of mutation {unknown}
 E - 2 potions of magic {unknown}
 F - 6 potions of curing {@q1}
 G - a potion of lignification {unknown}
 H - 2 potions of haste {unknown}
 K - 2 potions of resistance
 L - 2 potions of brilliance
 X - a potion of attraction {unknown}
Miscellaneous
 q - a tin of tremorstones (1/2) {throwing}
   (You found it on level 5 of the Lair of Beasts)
 C - a condenser vane (inert)
   (You found it on level 13 of the Dungeon)

Dungeon Overview and Level Annotations

Branches:
Dungeon (13/15)            Temple (1/1) D:6            Lair (6/6) D:10
 Shoals (0/4) Lair:3        Snake (0/4) Lair:3          Orc (2/2) D:10
    Elf (0/3) Orc:2
  Slime: Lair:5-6    Vaults: D:13-14

Altars:
Ashenzari
Cheibriados
Dithmenos
Elyvilon
Fedhas
Gozag
Hepliaklqana
Kikubaaqudgha
Makhleb
Nemelex Xobeh
Okawaru
Qazlal
Ru
Sif Muna
Trog
Uskayaw
Vehumet
Wu Jian
Xom
Yredelemnul
Zin
The Shining One
Beogh
Lugonu

Shops:
D:2 [   D:10 (   D:11 *   D:12 ::   Lair:5 *   Lair:6 :

Portals:
Abyss: Lair:6
Trove: D:12 (give +3 ice dragon scales)

Annotations:
Lair:2 exclusion: oklob plant
Lair:5 exclusions: 2 oklob plants and 1 more exclusion
Orc:1 Rupert
Orc:2 Azrael

##...............##
##.#..#............#
#..................##
##.#.....#..........#
##.......#...#....##
##................##
#...$$$......)....#####
##..$>$O......)[.<.##.##
##..$$$T..@@...[..)....#
#..............###.##$###
#.............##.###)#$.##
#........................#
#.......................##
##.#........$......#.#.##
##.##.......#.......####
#...........$.......#
##.##.#....$#...#...##


You could see Rupert (berserk, resistant), a troll and an ogre.


Message History

😕 HP[-27]
You take 27 damage, and now have 88/115 hp.
MASSIVE DAMAGE!! (PAUSE)
The fire elemental hits you. The fire elemental burns you! You resist.
The troll bites you but does no damage. The troll claws you but does no damage.
The troll misses you.
Rupert screams, "Hurray!"
Rupert hits you with a +2 great mace of protection.
The orc warrior barely misses you.
The fire elemental is struck by your spines.
The fire elemental hits you. The fire elemental burns you! You resist.
You fly upwards.
There is a stone staircase leading down, spattered with blood here. 😮 HP[-6]
You take 6 damage, and now have 82/115 hp.
Aiming: Paralyse
Press: ? - help, Q - select action, (/) - cycle Shift-Dir - straight line, f - you
Okay, then.
Aiming: Charm
Press: ? - help, Q - select action, (/) - cycle Shift-Dir - straight line
Okay, then.
Read: scroll of fear
Press: ? - help, Q - select action, (/) - cycle Dir - look around, f - activate Look: an ogre, wielding a +0 giant club (lightly wounded, chance to affect: 97%)
As you read the scroll of fear, it crumbles to dust.
You assume a fearsome visage.
The troll looks frightened!
The fire elemental is unaffected.
The ogre looks frightened!
Rupert resists with some effort.
The fire elemental hits you. The fire elemental burns you! You resist.
Rupert drinks a potion.
Rupert suddenly seems more resistant. 😮 HP[-4]
You take 4 damage, and now have 78/115 hp.
The fire elemental is struck by your spines.
The fire elemental closely misses you.
Things that are here:
21 gold pieces; a +0 giant club {mace} The fire elemental is struck by your spines.
You destroy the fire elemental!
Rupert yells loudly at you.
You suddenly lose the ability to move!
The troll is distracted by your dazzling golden aura.
Cornered, the ogre turns to fight!
Rupert roars madly and goes into a rage!
Rupert goes berserk!
The troll is no longer distracted by gold.
Rupert is struck by your spines.
Rupert hits you with a +2 great mace of protection!!
* * * LOW HITPOINT WARNING * * *
The ogre is distracted by your dazzling golden aura.
The ogre shouts!
The troll shouts!
Rupert hits you but does no damage.
Rupert hits you with a +2 great mace of protection!
* * * LOW HITPOINT WARNING * * *
You can move again. 😨 HP[-46]
You take 46 damage, and now have 32/115 hp.
MASSIVE DAMAGE!! (PAUSE) [a] - 294 gold - resistance and might [b] - 440 gold - haste and resistance [c] - 280 gold - heal wounds and berserk rage Purchase which effect?
You feel much better.
A red film seems to cover your vision as you go berserk!
You feel yourself moving faster!
You feel mighty! Rupert hits you but does no damage.
Cornered, the troll turns to fight! 😮 HP[+62]
You now have 172 max hp (+57).
You regained 62 hp, and now have 94/172 hp.
You open Rupert like a pillowcase!!! You burn Rupert.
Rupert completely misses you. Rupert is struck by your spines.
Rupert hits you with a +2 great mace of protection!!!
* * * LOW HITPOINT WARNING * * *
😨 HP[-42]
You take 42 damage, and now have 52/172 hp.
MASSIVE DAMAGE!! (PAUSE)
You barely miss Rupert.
The ogre is no longer distracted by gold.
Rupert hits you with a +2 great mace of protection.
* * * LOW HITPOINT WARNING * * *
Rupert is struck by your spines.
Rupert hits you with a +2 great mace of protection!!!
* * * LOW HITPOINT WARNING * * *
😱 HP[-44]
You take 44 damage, and now have 8/172 hp.
MASSIVE DAMAGE!! (PAUSE)
Okay, then.
You are too berserk!
You are too berserk!
You are too berserk!
Rupert rages.
You feel a strong urge to attack something. 😱 HP[+1]
You feel your anger nearly subside.
You are no longer berserk.
You are exhausted.
You feel yourself slow down.
Rupert hits you with a +2 great mace of protection!!
You die...
Your body crumbles into a pile of gold.

Skill      XL: |  1  2  3  4  5  6  7  8  9 10 11 12 13 14 15 |
---------------+----------------------------------------------+-----
Axes           | 2 |  2.4
Armour         | 3 4 5 7 9 |  9.0
Shields        | 3 4 |  4.0
Necromancy     | 1 2 4 5 7 8 9 10 | 10.6
Spellcasting   | 1 2 3 4 6 7 8 |  8.2
Fighting       | 4 5 6 7 8 9 10 | 10.0
Evocations     | 2 4 6 8 9 |  9.0
Dodging        | 3 6 7 |  7.4
Poison Magic   | 3 6 9 |  9.7
Transmutations | 3 6 8 |  8.9
Earth Magic    | 2 5 7 8 |  8.4

Action                   |  1- 3 |  4- 6 |  7- 9 | 10-12 | 13-15 || total
-------------------------+-------+-------+-------+-------+-------++-------
Melee: War axe           |    62 |       |       |       |       ||    62
       Whip              |     4 |   102 |    75 |       |       ||   181
       Quarterstaff      |       |       |   116 |   527 |   278 ||   921
       Short sword       |       |       |       |       |   212 ||   212
       Triple sword      |       |       |       |       |   247 ||   247
Throw: Dart              |       |       |       |    49 |     2 ||    51
       Boomerang         |       |       |       |     4 |       ||     4
       Stone             |       |       |       |     3 |       ||     3
Invok: Call Merchant     |       |       |       |       |     2 ||     2
       Potion Petition   |       |       |       |       |     3 ||     3
Evoke: Wand              |       |       |    10 |     6 |     3 ||    19
       Tin of tremorston |       |       |       |       |     3 ||     3
       Condenser vane    |       |       |       |       |     1 ||     1
  Use: Scroll            |       |       |       |    20 |     8 ||    28
       Potion            |       |       |       |     4 |     6 ||    10
 Stab: Paralysed         |       |       |       |    21 |    11 ||    32
       Distracted        |       |       |       |     1 |     3 ||     4
       Sleeping          |       |       |       |       |     3 ||     3
Armor: Scale mail        |    31 |     1 |       |       |       ||    32
       Ring mail         |       |    43 |   121 |   411 |   628 ||  1203
       Chain mail        |       |       |       |     9 |       ||     9
Dodge: Dodged            |    27 |    45 |   101 |   432 |   727 ||  1332
Block: Buckler           |    16 |    29 |    20 |       |    61 ||   126

Levels and vault maps discovered:
D:1:      dpeg_arrival_lava_altar, layout_rooms,
          hellmonk_ecumenical_altar_blasted, kennysheep_pointless_box,
          minmay_heptomino_o4
D:2:      layout_loops_corners, serial_shops, shop
D:3:      layout_loops_ring
D:4:      layout_rooms, zin_angel, uniq_blork_the_orc
D:5:      layout_loops_ring, chequers_arboretum, dk_rats_in_the_wall
D:6:      layout_loops_ring, mainiacjoe_overflow_alcove_4,
          nicolae_vehumet_radiance, lemuel_coloured_pillars_altar,
          minmay_temple_entry_trees, minmay_misc_feat_ornament, st_stairs_9
D:7:      layout_loops_corners
D:8:      layout_loops_ring, kennysheep_another_room, kennysheep_generic_room_5,
          uniq_erica
D:9:      layout_basic, chequers_serial_rivers_room_a, uniq_pikel, uniq_maurice,
          uniq_grum
D:10:     layout_basic, dpeg_oklobed_lair, david_orc_5, serial_shops,
          nicolae_stop_n_shop_2, eino_jars
D:11:     layout_roguey, serial_shops, nicolae_stop_n_shop_2, uniq_fannar
D:12:     layout_irregular_city, nicolae_trove_entry_free_sample,
          nicolae_wooded_promenade
D:13:     layout_rooms, uniq_erolcha
Temple:   mainiacjoe_temple_coin_purse
Lair:1:   beast_lair_carwin_large_3, layout_long_grid, uniq_gastronok
Lair:2:   dpeg_oklob_gauntlet, layout_cellular_growth
Lair:3:   layout_hall_layers, minmay_shoals_entry_hut,
          minmay_snake_entry_spellcaster, beast_lair_carwin_1,
          lemuel_fruit_tree, uniq_sonja
Lair:4:   layout_roguey, uniq_josephine
Lair:5:   regret_index_tunnel_blossom, layout_long_grid,
          minmay_slime_entry_oklob_open, chequers_serial_rivers_small_a,
          infiniplex_staircase_pool, serial_bayou_shore_a, lemuel_fruit_fields
Lair:6:   hellmonk_lair_end_abyssal_woods, layout_small_grid, special_room
          [special_room_mythical_zoo], kennysheep_abandoned_house
Orc:1:    layout_caves, serial_shops, nicolae_shop_trees
Orc:2:    st_orc_open, layout_caves, uniq_azrael, uniq_rupert

Notes
Turn   | Place    | Note
-------+----------+-------------------------------------------
     0 | D:1      | GrayStillPlays the Demonspawn Fighter began the quest for
                  | the Orb.
     0 | D:1      | Reached XP level 1. HP: 18/18 MP: 1/1
     0 | D:1      | magus.rc [v1.9.6]
   354 | D:1      | Reached skill level 2 in Axes
   354 | D:1      | Gained mutation: You are partially covered in sharp spines.
                  | [demonic ancestry]
   354 | D:1      | Reached XP level 2. HP: 24/24 MP: 2/2
   535 | D:1      | Found a faded altar of an unknown god.
   628 | D:1      | You pick up a book of Party Tricks and begin reading...
   628 | D:1      | You add the spells Apportation and Alistair's Intoxication
                  | to your library.
   823 | D:2      | Reached skill level 3 in Armour
   823 | D:2      | Reached skill level 3 in Shields
   848 | D:2      | Found Jaitapon's Antique Armour Shoppe.
   944 | D:2      | Gained mutation: You are partially covered in icy blue
                  | scales. (AC +2) [demonic ancestry]
   944 | D:2      | Reached XP level 3. HP: 27/29 MP: 3/3
  1397 | D:2      | You add the spells Borgnjor's Revivification, Necromutation
                  | and Death's Door to your library.
  1432 | D:2      | Reached XP level 4. HP: 35/35 MP: 4/4
  1438 | D:2      | You pick up a book of Death and begin reading...
  1438 | D:2      | You add the spells Animate Dead, Haunt and Infestation to
                  | your library.
  1667 | D:2      | Reached skill level 1 in Necromancy
  1904 | D:3      | Reached skill level 1 in Spellcasting
  1904 | D:3      | Gained mutation: You have sharp fingernails. [demonic
                  | ancestry]
  1904 | D:3      | Reached XP level 5. HP: 24/42 MP: 6/6
  2380 | D:3      | You pick up a book of Armaments and begin reading...
  2380 | D:3      | You add the spells Stone Arrow, Animate Armour and
                  | Lehudib's Crystal Spear to your library.
  2762 | D:4      | Reached skill level 4 in Fighting
  2929 | D:4      | Identified the +0 chain mail "Niefoss" {rN+ Int+4 Stlth+}
  3003 | D:4      | Reached skill level 2 in Necromancy
  3021 | D:4      | Noticed Blork the orc
  3027 | D:4      | Killed Blork the orc
  3028 | D:4      | Gained mutation: Spells you cast may paralyse adjacent
                  | enemies. [demonic ancestry]
  3028 | D:4      | Reached XP level 6. HP: 31/48 MP: 8/8
  3325 | D:4      | Noticed an angel
  3434 | D:4      | Reached skill level 4 in Shields
  3454 | D:4      | You pick up a book of Chaos and begin reading...
  3454 | D:4      | You add the spells Conjure Ball Lightning, Disjunction and
                  | Discord to your library.
  3465 | D:4      | Reached skill level 4 in Armour
  3465 | D:4      | Reached skill level 2 in Spellcasting
  3540 | D:5      | Entered Level 5 of the Dungeon
  3632 | D:5      | Gained mutation: Spells you cast may paralyse nearby
                  | enemies. [demonic ancestry]
  3632 | D:5      | Reached XP level 7. HP: 55/55 MP: 10/10
  3638 | D:5      | Reached skill level 3 in Necromancy
  3942 | D:5      | Noticed a yak
  3943 | D:5      | Noticed a yak
  3943 | D:5      | Noticed a yak
  3943 | D:5      | Noticed a yak
  3963 | D:5      | Killed a yak
  3964 | D:5      | Reached skill level 5 in Fighting
  4079 | D:4      | Killed a yak
  4080 | D:4      | Reached skill level 3 in Spellcasting
  4080 | D:4      | Reached skill level 4 in Necromancy
  4273 | D:5      | Killed a yak
  4274 | D:5      | Reached XP level 8. HP: 51/63 MP: 11/13
  4287 | D:5      | Reached skill level 5 in Armour
  5377 | D:5      | Reached skill level 4 in Spellcasting
  5377 | D:5      | Reached skill level 5 in Necromancy
  5703 | D:6      | Identified the +10 quarterstaff of Focus {protect, rF- rC++
                  | Will+ Int+3}
  5719 | D:6      | Found a shadowy altar of Dithmenos.
  5787 | D:6      | Reached skill level 6 in Fighting
  5975 | D:6      | Found a radiant altar of Vehumet.
  6053 | D:6      | Found a bloodstained altar of Trog.
  6129 | D:6      | You pick up a book of the Tundra and begin reading...
  6129 | D:6      | You add the spells Hailstorm, Ice Form and Simulacrum to
                  | your library.
  6135 | D:6      | Found a staircase to the Ecumenical Temple.
  6144 | D:6      | Gained mutation: You are mostly covered in sharp spines.
                  | [demonic ancestry]
  6144 | D:6      | Reached XP level 9. HP: 69/71 MP: 15/15
  6149 | Temple   | Entered the Ecumenical Temple
  6312 | Temple   | Became a worshipper of Gozag Ym Sagoz the Greedy
  6468 | D:6      | Reached skill level 6 in Armour
  6812 | D:7      | Reached skill level 6 in Necromancy
  6815 | D:7      | Reached skill level 5 in Spellcasting
  7127 | D:7      | Reached skill level 7 in Fighting
  7783 | D:8      | HP: 16/72 [black bear (5)]
  8449 | D:8      | Reached skill level 7 in Necromancy
  8449 | D:8      | Reached skill level 1 in Evocations
  8449 | D:8      | Noticed a gargoyle
  8463 | D:8      | Killed a gargoyle
  8466 | D:8      | Noticed Erica
  8939 | D:8      | Killed Erica
  8940 | D:8      | Reached skill level 7 in Armour
  8940 | D:8      | Reached skill level 6 in Spellcasting
  8940 | D:8      | Reached skill level 2 in Evocations
  8940 | D:8      | Reached XP level 10. HP: 54/80 MP: 17/19
  9740 | D:9      | Noticed Grum
  9754 | D:9      | Killed Grum
  9946 | D:9      | Reached skill level 3 in Evocations
  9947 | D:9      | Noticed Pikel
 10063 | D:8      | Killed Pikel
 10064 | D:8      | Reached skill level 8 in Fighting
 10081 | D:9      | Learned a level 4 spell: Animate Dead
 10258 | D:9      | Reached skill level 8 in Necromancy
 10491 | D:9      | Noticed Maurice
 10503 | D:9      | Killed Maurice
 10535 | D:9      | You add the spells Ozocubu's Armour and Ozocubu's
                  | Refrigeration to your library.
 10940 | D:10     | Entered Level 10 of the Dungeon
 10940 | D:10     | Found Tirossor's Antique Weapon Shop.
 10960 | D:10     | Reached skill level 4 in Evocations
 11208 | D:10     | Reached skill level 7 in Spellcasting
 11539 | D:10     | Gained mutation: You are mostly covered in icy blue scales.
                  | (AC +3) [demonic ancestry]
 11539 | D:10     | Reached XP level 11. HP: 85/87 MP: 21/21
 11551 | D:10     | Reached skill level 8 in Armour
 11974 | D:10     | Found a staircase to the Lair.
 12815 | D:9      | Reached skill level 5 in Evocations
 12827 | D:9      | Reached skill level 9 in Necromancy
 12898 | D:10     | Reached skill level 9 in Fighting
 13047 | D:10     | Found a staircase to the Orcish Mines.
 13102 | D:10     | Noticed a two-headed ogre
 13111 | D:10     | Killed a two-headed ogre
 13312 | Lair:1   | Entered Level 1 of the Lair of Beasts
 13520 | Lair:1   | You add the spells Summon Forest, Eringya's Noxious Bog and
                  | Summon Hydra to your library.
 14006 | Lair:1   | Noticed Gastronok
 14057 | Lair:1   | You add the spells Sting, Poisonous Vapours and Olgreb's
                  | Toxic Radiance to your library.
 14547 | Lair:1   | Reached skill level 6 in Evocations
 14560 | Lair:1   | Reached skill level 8 in Spellcasting
 15359 | Lair:1   | magus.rc [v1.9.6]
 15948 | Lair:2   | Noticed a seven-headed hydra
 16127 | Lair:2   | Killed a seven-headed hydra
 16128 | Lair:2   | Reached skill level 9 in Armour
 16438 | Lair:2   | Gained mutation: You are completely covered in icy blue
                  | scales. (AC +4, rC+) [demonic ancestry]
 16438 | Lair:2   | Reached XP level 12. HP: 97/97 MP: 24/24
 16583 | Lair:2   | Reached skill level 10 in Necromancy
 17657 | Lair:2   | Learned a level 6 spell: Eringya's Noxious Bog
 17741 | Lair:3   | You fall into a shaft and drop 2 floors!
 17751 | Lair:5   | Identified the +0 cloak of Joy {rC+}
 17777 | Lair:3   | Noticed Sonja
 17889 | Lair:2   | Reached skill level 1 in Dodging
 17891 | Lair:2   | Reached skill level 1 in Poison Magic
 18126 | Lair:2   | Reached skill level 10 in Fighting
 18127 | Lair:2   | HP: 24/97 [komodo dragon (15)]
 18132 | Lair:2   | Reached skill level 1 in Transmutations
 18132 | Lair:2   | Reached skill level 7 in Evocations
 18563 | Lair:3   | Killed Sonja
 18678 | Lair:3   | Reached skill level 2 in Dodging
 18678 | Lair:3   | Reached skill level 2 in Poison Magic
 18749 | Lair:3   | Found a staircase to the Snake Pit.
 18830 | Lair:3   | Reached skill level 2 in Transmutations
 19241 | Lair:3   | Found a staircase to the Shoals.
 19867 | Lair:4   | Reached skill level 8 in Evocations
 19872 | Lair:4   | You pick up a book of the Earth and begin reading...
 19872 | Lair:4   | You add the spells Leda's Liquefaction, Lee's Rapid
                  | Deconstruction and Statue Form to your library.
 20077 | Lair:4   | Reached skill level 3 in Poison Magic
 20228 | Lair:4   | Identified a +0 robe of the Archmagi
 20228 | Lair:4   | Noticed Josephine
 20295 | Lair:3   | Reached skill level 3 in Dodging
 20417 | Lair:4   | Killed Josephine
 20418 | Lair:4   | Reached skill level 3 in Transmutations
 20418 | Lair:4   | Reached skill level 1 in Earth Magic
 21132 | Lair:5   | Noticed an eight-headed hydra
 21298 | Lair:5   | Killed an eight-headed hydra
 21604 | Lair:4   | Reached skill level 2 in Earth Magic
 21803 | Lair:5   | Reached XP level 13. HP: 82/102 MP: 25/25
 21956 | Lair:5   | Reached skill level 9 in Evocations
 22170 | Lair:5   | Reached skill level 4 in Poison Magic
 22365 | Lair:5   | Reached skill level 4 in Dodging
 22439 | Lair:5   | HP: 22/103 [seven-headed hydra (9)]
 23164 | Lair:4   | Reached skill level 4 in Transmutations
 23306 | Lair:5   | Reached skill level 3 in Earth Magic
 23701 | Lair:5   | Identified the +7 short sword of Fortitude {vorpal, rC-
                  | Will+ rCorr Stlth+}
 23728 | Lair:5   | HP: 22/103 [death yak (19)]
 23889 | Lair:5   | Reached skill level 5 in Poison Magic
 24569 | Lair:5   | Reached skill level 4 in Earth Magic
 24583 | Lair:5   | Reached skill level 5 in Dodging
 24654 | Lair:5   | Reached skill level 5 in Transmutations
 25720 | Lair:6   | Entered Level 6 of the Lair of Beasts
 25813 | Lair:6   | Reached skill level 6 in Poison Magic
 25823 | Lair:6   | You pick up a book of Blasting and begin reading...
 25823 | Lair:6   | You add the spells Fulminant Prism and Iskenderun's Mystic
                  | Blast to your library.
 25872 | Lair:6   | You pick up a book of Iron and begin reading...
 25872 | Lair:6   | You add the spells Blade Hands and Iron Shot to your
                  | library.
 26174 | Lair:5   | Bought a +2 pair of gloves of stealth for 387 gold pieces
 26232 | Lair:6   | Reached skill level 5 in Earth Magic
 26566 | Lair:6   | Reached skill level 6 in Dodging
 26744 | Lair:6   | Reached skill level 6 in Transmutations
 27396 | Lair:5   | Gained mutation: You have very sharp fingernails. [demonic
                  | ancestry]
 27396 | Lair:5   | Reached XP level 14. HP: 63/110 MP: 26/26
 28220 | Lair:6   | Reached skill level 7 in Poison Magic
 28474 | Lair:6   | You pick up a book of Dangerous Friends and begin
                  | reading...
 28474 | Lair:6   | You add the spells Summon Guardian Golem, Orb of
                  | Destruction and Spellforged Servitor to your library.
 28771 | Lair:6   | Identified the +8 triple sword "Jellyslayer" {flame, Fly
                  | rElec Dex+4}
 28772 | Lair:6   | M - the +8 triple sword "Jellyslayer" {flame, Fly rElec
                  | Dex+4, longrare=g}
 28779 | Lair:6   | the +8 triple sword "Jellyslayer" {flame, Fly rElec Dex+4,
                  | longrare=g} bursts into flame!
 28779 | Lair:6   | M - the +8 triple sword "Jellyslayer" (weapon) {flame, Fly
                  | rElec Dex+4, longrare=g}
 28923 | Lair:6   | Reached skill level 6 in Earth Magic
 30123 | Lair:6   | Reached skill level 7 in Dodging
 30223 | Lair:6   | Reached skill level 7 in Transmutations
 30271 | Lair:6   | Found a corrupted altar of Lugonu.
 30319 | Lair:6   | Found a one-way gate to the infinite horrors of the Abyss.
 30340 | Lair:6   | You pick up a book of Vapours and begin reading...
 30752 | Lair:6   | Y - a +2 double sword of freezing {longrare=g}
 30874 | Lair:6   | You drop a +2 double sword of freezing {longrare=g}.
 30875 | Lair:6   | Y - a +2 double sword of freezing {longrare=g}
 30876 | Lair:6   | You drop a +2 double sword of freezing {longrare=g}.
 30879 | Lair:6   | Y - a +2 double sword of freezing {longrare=g}
 30894 | Lair:6   | Bought the Almanac of the Cankerous Compass for 572 gold
                  | pieces
 30894 | Lair:6   | You add the spells Manifold Assault and Malign Gateway to
                  | your library.
 30979 | Lair:1   | Killed Gastronok
 31042 | Orc:1    | Entered Level 1 of the Orcish Mines
 31266 | Orc:1    | Reached skill level 8 in Poison Magic
 31407 | Orc:2    | Entered Level 2 of the Orcish Mines
 31407 | Orc:2    | Noticed Azrael
 31407 | Orc:2    | Found a staircase to the Elven Halls.
 32160 | D:11     | Noticed Fannar
 32169 | D:11     | Killed Fannar
 32170 | D:11     | Reached skill level 7 in Earth Magic
 32452 | D:11     | Found Moblecs's General Store.
 32466 | D:11     | Bought a scroll of identify for 36 gold pieces
 32466 | D:11     | Bought a scroll of identify for 36 gold pieces
 32918 | D:11     | You drop a +2 double sword of freezing {longrare=g}.
 32927 | D:11     | Y - a +2 double sword of freezing {longrare=g}
 32928 | D:11     | You drop a +2 double sword of freezing {longrare=g}.
 32930 | D:11     | Could not pick up a +2 double sword of freezing
                  | {longrare=g} here; ([A]lways) ignore it?
 32930 | D:11     | Could not pick up a +2 double sword of freezing
                  | {longrare=g} here; ([A]lways) ignore it?
 32930 | D:11     | Could not pick up a +2 double sword of freezing
                  | {longrare=g} here; ([A]lways) ignore it?
 32930 | D:11     | Could not pick up a +2 double sword of freezing
                  | {longrare=g} here; ([A]lways) ignore it?
 32930 | D:11     | Could not pick up a +2 double sword of freezing
                  | {longrare=g} here; ([A]lways) ignore it?
 32930 | D:11     | Could not pick up a +2 double sword of freezing
                  | {longrare=g} here; ([A]lways) ignore it?
 32930 | D:11     | Could not pick up a +2 double sword of freezing
                  | {longrare=g} here; ([A]lways) ignore it?
 32930 | D:11     | Could not pick up a +2 double sword of freezing
                  | {longrare=g} here; ([A]lways) ignore it?
 32930 | D:11     | Could not pick up a +2 double sword of freezing
                  | {longrare=g} here; ([A]lways) ignore it?
 32930 | D:11     | Could not pick up a +2 double sword of freezing
                  | {longrare=g} here; ([A]lways) ignore it?
 32930 | D:11     | Could not pick up a +2 double sword of freezing
                  | {longrare=g} here; ([A]lways) ignore it?
 32930 | D:11     | Could not pick up a +2 double sword of freezing
                  | {longrare=g} here; ([A]lways) ignore it?
 32930 | D:11     | Could not pick up a +2 double sword of freezing
                  | {longrare=g} here; ([A]lways) ignore it?
 32930 | D:11     | Could not pick up a +2 double sword of freezing
                  | {longrare=g} here; ([A]lways) ignore it?
 32930 | D:11     | Could not pick up a +2 double sword of freezing
                  | {longrare=g} here; ([A]lways) ignore it?
 32944 | D:11     | Could not pick up a +2 double sword of freezing
                  | {longrare=g} here; ([A]lways) ignore it?
 32944 | D:11     | Could not pick up a +2 double sword of freezing
                  | {longrare=g} here; ([A]lways) ignore it?
 32944 | D:11     | Could not pick up a +2 double sword of freezing
                  | {longrare=g} here; ([A]lways) ignore it?
 32944 | D:11     | Could not pick up a +2 double sword of freezing
                  | {longrare=g} here; ([A]lways) ignore it?
 32944 | D:11     | Could not pick up a +2 double sword of freezing
                  | {longrare=g} here; ([A]lways) ignore it?
 32944 | D:11     | Could not pick up a +2 double sword of freezing
                  | {longrare=g} here; ([A]lways) ignore it?
 32946 | D:11     | g - a +2 double sword of freezing {longrare=g}
 33052 | D:12     | Found a portal to a secret trove of treasure.
 33195 | D:12     | This trove needs +3 ice dragon scales to function. Give it
                  | the item?
 33248 | D:12     | Found Nayliegosy's Book Shoppe.
 33249 | D:12     | Found Gidyux's Book Shop.
 33389 | D:12     | Reached skill level 8 in Transmutations
 33756 | D:12     | Reached skill level 9 in Poison Magic
 34845 | D:13     | Noticed Erolcha
 34857 | D:13     | Killed Erolcha
 34973 | D:13     | Reached XP level 15. HP: 64/115 MP: 27/27
 34975 | D:13     | Reached skill level 8 in Earth Magic
 35329 | D:13     | HP: 27/115 [very large slime creature (46)]
 35802 | D:13     | HP: 21/115 [meliai/divine providence (15)]
 36320 | Orc:2    | Noticed Rupert
 36870 | Orc:1    | Paralysed by Rupert for 5 turns
 36877 | Orc:1    | HP: 8/172 [Rupert (38)]
 36881 | Orc:1    | Demolished by Rupert

Vanquished Creatures
  Gastronok (Lair:1)
  Josephine (Lair:4)
  Fannar (D:11)
  Erolcha (D:13)
  2 boulder beetles (D:12)
  A rakshasa (D:13)
  An ogre mage (Orc:1)
  12 hydras
  2 centaur warriors (D:13)
  Erica (D:8)
  A catoblepas (Lair:6)
  7 two-headed ogres
  4 death yaks (Lair:5)
  A tengu warrior (D:13)
  Sonja (Lair:3)
  4 thrashing horrors (Lair:6)
  A deep elf knight (D:12)
  A deep troll (Orc:1)
  Pikel (D:8)
  An orc knight (D:10)
  A lindwurm (Lair:5)
  5 deep elf pyromancers (D:12)
  A lindwurm (shapeshifter) (Lair:6)
  4 elephants (Lair:5)
  2 cyclopes (D:11)
  Maurice (D:9)
  A guardian serpent (Lair:3)
  A torpor snail (Lair:5)
  3 black mambas
  14 cane toads
  4 gargoyles
  4 smoke demons (Lair:6)
  6 komodo dragons
  2 kobold demonologists
  An efreet (D:12)
  8 rime drakes
  An ancient zyme (Lair:6)
  A queen bee (Lair:5)
  6 meliai
  2 hornets
  A dream sheep (Lair:6)
  A polar bear (Lair:2)
  3 trolls
  A raiju (shapeshifter) (Lair:6)
  5 slime creatures (D:13)
  26 blink frogs
  A meliai zombie (D:11)
  A snapping turtle (Lair:3)
  A vampire (D:13)
  3 shadows
  A spriggan (Lair:6)
  6 wraiths
  11 wyverns
  42 yaks
  12 basilisks
  A steam dragon (Lair:5)
  Grum (D:9)
  4 fire elementals
  3 acid dragons
  2 large abominations (Lair:6)
  5 hell hounds
  10 water moccasins
  19 orc warriors
  2 ice beasts
  4 black bears
  3 necrophages
  11 ogres
  7 centaurs
  26 wolves
  2 lemures (D:9)
  2 kobold brigands
  10 small abominations
  Blork the orc (D:4)
  11 bullfrogs
  A scorpion (D:7)
  A wyvern skeleton (D:3)
  A water moccasin skeleton (D:7)
  39 killer bees
  3 wights (D:9)
  2 electric eels (Lair:5)
  4 howler monkeys
  4 centaur zombies
  9 hounds
  2 jellies
  7 orc priests
  A bullfrog skeleton (D:4)
  3 iguanas
  9 orc wizards
  22 hell rats
  A killer bee zombie (D:6)
  A hound skeleton (D:4)
  3 gnolls (D:2)
  A howler monkey skeleton (D:7)
  6 river rats
  5 adders
  2 white imps (D:6)
  An adder skeleton (D:5)
  4 worms
  4 dart slugs
  33 orcs
  3 ball pythons (D:2)
  5 endoplasms
  2 giant cockroaches (D:2)
  4 goblins
  4 hobgoblins
  2 jackals
  3 quokkas
  10 bats
  2 frilled lizards (D:1)
  10 kobolds
  10 rats
576 creatures vanquished.

Vanquished Creatures (others)
  A sky beast (D:6)
  30 fungi
  48 plants
79 creatures vanquished.

Grand Total: 655 creatures vanquished

Table legend:
 A = Non-vault XP
 B = Vault XP
 C = Vault XP percentage of total XP
 D = Non-vault monster count
 E = Vault monster count
 F = Vault count percentage of total count
                 A         B        C        D         E       F
            +---------+---------+-------+---------+---------+-------
      Total |   65614 |   47247 |  41.9 |     350 |     225 |  39.1
            +---------+---------+-------+---------+---------+-------
        D:1 |      19 |       5 |  20.8 |      11 |       4 |  26.7
        D:2 |     156 |       0 |   0.0 |      22 |       0 |   0.0
        D:3 |     102 |       0 |   0.0 |      13 |       0 |   0.0
        D:4 |     463 |      87 |  15.8 |      14 |       1 |   6.7
        D:5 |    1091 |     121 |  10.0 |      17 |       1 |   5.6
        D:6 |     912 |      42 |   4.4 |      21 |       1 |   4.5
        D:7 |    1171 |       0 |   0.0 |      23 |       0 |   0.0
        D:8 |    1109 |    1601 |  59.1 |       8 |       4 |  33.3
        D:9 |    1122 |    2164 |  65.9 |      15 |      16 |  51.6
       D:10 |    4063 |    1188 |  22.6 |      27 |      17 |  38.6
       D:11 |    5667 |     876 |  13.4 |      12 |       1 |   7.7
       D:12 |    9761 |       0 |   0.0 |      19 |       0 |   0.0
       D:13 |    7102 |     874 |  11.0 |      17 |       1 |   5.6
     Lair:1 |    4084 |    2578 |  38.7 |      17 |      13 |  43.3
     Lair:2 |    4368 |    1599 |  26.8 |      22 |       7 |  24.1
     Lair:3 |    3251 |    1890 |  36.8 |      16 |       5 |  23.8
     Lair:4 |    3293 |    2611 |  44.2 |      19 |       6 |  24.0
     Lair:5 |    9658 |    9000 |  48.2 |      27 |      54 |  66.7
     Lair:6 |    6589 |   17997 |  73.2 |      21 |      77 |  78.6
      Orc:1 |    1595 |    4302 |  73.0 |       7 |      15 |  68.2
      Orc:2 |      38 |     312 |  89.1 |       2 |       2 |  50.0
            +---------+---------+-------+---------+---------+-------

Illustrated notes

Table legend:
 A = Kills in this place as a percentage of kills in entire the game.
 B = Kills by you in this place as a percentage of kills by you in the entire game.
 C = Kills by friends in this place as a percentage of kills by friends in the entire game.
 D = Other kills in this place as a percentage of other kills in the entire game.
 E = Experience gained in this place as a percentage of experience gained in the entire game.
 F = Experience gained in this place divided by the number of levels of this place that you have seen.
                   A       B       C       D       E      F
               +-------+-------+-------+-------+-------+----------------------
         Total | 100.0 | 100.0 |   N/A | 100.0 | 100.0 | 5130.0
       Dungeon |  46.1 |  46.0 |   N/A | 100.0 |  35.2 | 3053.5
          Lair |  49.4 |  49.5 |   N/A |   0.0 |  59.3 | 11153.0
  Orcish Mines |   4.5 |   4.5 |   N/A |   0.0 |   5.5 | 3123.5
               +-------+-------+-------+-------+-------+----------------------

Table legend: (Time is in decaauts)
 A = Elapsed time spent in this place.
 B = Non-inter-level travel time spent in this place.
 C = Inter-level travel time spent in this place.
 D = Time resting spent in this place.
 E = Time spent auto-exploring this place.
 F = Levels seen in this place.
 G = Mean time per level.
                   A        B        C        D        E       F      G
               +--------+--------+--------+--------+--------+-----+--------+
         Total |  37614 |  35782 |   1832 |  11267 |  16844 |  22 | 1709.7 |
       Dungeon |  18178 |  17139 |   1039 |   4773 |   9474 |  13 | 1398.3 |
        Temple |    172 |    138 |     34 |      0 |    121 |   1 |  172.0 |
          Lair |  18120 |  17377 |    743 |   5745 |   7121 |   6 | 3020.0 |
  Orcish Mines |   1142 |   1126 |     16 |    749 |    128 |   2 |  571.0 |
               +--------+--------+--------+--------+--------+-----+--------+

Top non-repeatable levels by time:
  Lair:5: 5115 daAuts
  Lair:6: 3751 daAuts
  Lair:1: 2679 daAuts
  Lair:2: 2608 daAuts
  Lair:4: 2189 daAuts
    D:12: 2076 daAuts
    D:10: 1871 daAuts
     D:9: 1849 daAuts
  Lair:3: 1776 daAuts
     D:8: 1713 daAuts
     D:5: 1682 daAuts
     D:7: 1574 daAuts
    D:11: 1546 daAuts
     D:2: 1138 daAuts
   Orc:1: 1132 daAuts
